 Dungeon Crawl Stone Soup version 0.28-a0-561-gc72452776e (webtiles) character file.

Game seed: 8334438026591521294

89 KristoblXynda the Sneak (level 4, -7/24 HPs)
             Began as a Spriggan Delver on Sept 29, 2021.
             Mangled by an ogre (31 damage)
             ... on level 4 of the Dungeon.
             The game lasted 00:03:40 (1718 turns).

KristoblXynda the Sneak (Spriggan Delver)           Turns: 1718, Time: 00:03:41

Health: -7/24      AC:  2    Str:  9    XL:     4   Next: 31%
Magic:  5/5        EV: 18    Int: 11    God:
Gold:   11         SH:  0    Dex: 16    Spells: 3/3 levels left

rFire   . . .      SeeInvis +   a - +0 short sword
rCold   . . .      Faith    .   (shield restricted)
rNeg    . . .      Spirit   .   b - +0 robe
rPois   .          Reflect  .   (helmet restricted)
rElec   .          Harm     .   (no cloak)
rCorr   .          Rampage  .   (gloves unavailable)
Will    .....                   (boots unavailable)
Stlth   ++++......              (no amulet)
HPRegen 0.08/turn               (no ring)
MPRegen 0.09/turn               (no ring)

@: very quick
A: very small, no large weapons, unfitting armour, see invisible, speed 3
a: no special abilities


You were on level 4 of the Dungeon.
You visited 1 branch of the dungeon, and saw 2 of its levels.
You also visited: Ossuary.

You collected 11 gold pieces.

Inventory:

Hand Weapons
 a - a +0 short sword (weapon)
Armour
 b - a +0 robe (worn)
Wands
 g - a wand of digging (11)
Scrolls
 c - 2 scrolls of fog
 d - a scroll of amnesia {unknown}
 e - a scroll of fear
 h - a scroll of identify {unknown}
 i - a scroll of summoning {unknown}
 k - a scroll of acquirement {unknown}
 n - a scroll of noise {unknown}
Potions
 f - a potion of haste
 j - a potion of attraction {unknown}
 l - a potion of heal wounds {unknown}
 m - a potion of lignification {unknown}


   Skills:
 + Level 3.0 Fighting
 + Level 3.2 Short Blades
 + Level 3.8 Dodging
 + Level 7.9 Stealth


You had 3 spell levels left.
You didn't know any spells.
Your spell library was empty.

Dungeon Overview and Level Annotations

Branches:
Dungeon (5/15)            Ossuary (visited)
 Temple: D:4-7

Altars:
Vehumet


Innate Abilities, Weirdness & Mutations

You are very small and have problems with some larger weapons.
You are too small for most types of armour.
You have supernaturally acute eyesight. (SInv)
You cover ground extremely quickly. (Speed+++)


Message History

i - a scroll labelled WURULI YGRU
j - a ruby potion
k - a scroll labelled ROMIYS IGATSO
l - a silvery potion
m - a fuming sapphire potion
n - a scroll labelled NEDOET SUIRRU You open the door.
A gnoll zombie comes into view.
There is an open door here.
The helpless gnoll zombie fails to defend itself.
You skewer the gnoll zombie like a kebab!!!
You destroy the gnoll zombie!
Your Fighting skill increases to level 3!
You open the door.
A gnoll zombie comes into view.
There is an open door here.
The helpless gnoll zombie fails to defend itself.
You impale the gnoll zombie!!
You destroy the gnoll zombie!
There is an open door here.
You start waiting.
Done waiting.
There is an open door here.
There is an open door here.
There is an open door here.
There is a gate leading back out of this place here.
The ogre misses you.
There is a collapsed entrance here.
Unknown command.
You hit the ogre.
The ogre is lightly wounded.
The ogre closely misses you.
You hit the ogre.
The ogre is lightly wounded.
The ogre misses you.
You hit the ogre.
The ogre is lightly wounded.
The ogre hits you with a +0 giant spiked club!!
Ouch! That really hurt!
You die...

######.## *,,,,**
**,****, #.#*##*
****,,* *** **
#.##.+***####+* *
*****#.#..#,,,#...#*
≈≈,,*#.#.#*,>,#.>.*
****
≈≈*,##...#*,,,*...*
*,,,
≈≈**#....####*#####
*,**
≈≈≈≈#....##...#...#
***,**
≈≈≈≈♣..).##.>[#.@.#
**,*,*,
P≈P≈≈♣^..##...#..O##
**,,,,,,
≈≈P≈♣♣....+##*####'#
*,,,,,,,
≈P≈≈≈♣P.##..## ##..#
**,,,*,,
≈≈♣≈*♣♣.###..# #..##
**,***, ≈≈≈≈≈*♣##
#..# #..# *,* **
≈≈≈≈≈*≈** #..# #O.#
*,* *
≈≈≈≈≈≈♣P###..###..#
*,****
≈≈≈≈≈*≈♣..........#
****,,,,,


You could see an ogre.

Vanquished Creatures
  A hound (D:5)
  A mummy (Ossuary)
  A spectral bat (Ossuary)
  2 bat simulacra (Ossuary)
  A goblin (D:4)
  12 gnoll zombies (Ossuary)
  5 goblin simulacra (Ossuary)
  5 goblin zombies (Ossuary)
  3 hobgoblin zombies (Ossuary)
  3 kobold simulacra (Ossuary)
  4 kobold zombies (Ossuary)
  6 orc zombies (Ossuary)
  2 rat simulacra (Ossuary)
  3 spectral goblins (Ossuary)
  6 spectral kobolds (Ossuary)
  4 spectral rats (Ossuary)
59 creatures vanquished.

Notes
Turn   | Place    | Note
-------+----------+-------------------------------------------
     0 | D:5      | KristoblXynda the Spriggan Delver began the quest for the
                  | Orb.
     0 | D:5      | Reached XP level 1. HP: 11/11 MP: 2/2
     2 | D:5      | Found a radiant altar of Vehumet.
     6 | D:5      | Noticed a hound
    11 | D:5      | Killed a hound
    12 | D:5      | Reached XP level 2. HP: 16/16 MP: 3/3
    12 | D:5      | Reached XP level 3. HP: 19/19 MP: 4/4
   371 | D:5      | Noticed an ice beast
   464 | D:4      | Noticed an ogre
   483 | D:4      | Found a sand-covered staircase.
   487 | Ossuary  | Entered an ossuary
  1161 | Ossuary  | Reached XP level 4. HP: 21/23 MP: 5/5
  1718 | D:4      | Mangled by an ogre

Illustrated notes

Levels and vault maps discovered:
D:4:      layout_loops_corners, nicolae_ossuary_entry_false_entrances,
          hangedman_abyss_or_decor_stagger, serial_bayou_lake_a
D:5:      layout_basic, vehumet_crystals, serial_glass, glass_columns_b,
          glass_columns_c, glass_columns_a, glass_columns_b, glass_columns_c,
          glass_columns_a, glass_columns_a, glass_columns_c, glass_columns_b,
          glass_columns_b, glass_columns_a, glass_columns_c, glass_columns_a,
          glass_columns_c, minivault_25, columned_hall_lemuel,
          hangedman_decor_push, st_stairs_1, minmay_crystal_room,
          eino_curves_03, uniq_blork_the_orc, uniq_prince_ribbit1

Skill      XL: |  1  2  3  4 |
---------------+-------------+-----
Dodging        | 3 |  3.8
Short Blades   | 3 |  3.2
Fighting       | 3 |  3.0
Stealth        | |  7.9

Action                   |  1- 3 |  4- 6 || total
-------------------------+-------+-------++-------
Melee: Short sword       |   203 |    55 ||   258
  Use: Scroll            |     1 |       ||     1
       Potion            |       |     1 ||     1
 Stab: Sleeping          |     9 |     3 ||    12
Armor: Robe              |    19 |     5 ||    24
Dodge: Dodged            |   145 |    26 ||   171

Table legend: (Time is in decaauts)
 A = Elapsed time spent in this place.
 B = Non-inter-level travel time spent in this place.
 C = Inter-level travel time spent in this place.
 D = Time resting spent in this place.
 E = Time spent auto-exploring this place.
 F = Levels seen in this place.
 G = Mean time per level.
                   A        B        C        D        E       F      G
               +--------+--------+--------+--------+--------+-----+--------+
         Total |   1490 |   1490 |      0 |    858 |      0 |   3 |  496.7 |
       Dungeon |    394 |    394 |      0 |    219 |      0 |   2 |  197.0 |
       Ossuary |   1096 |   1096 |      0 |    639 |      0 |   1 | 1096.0 |
               +--------+--------+--------+--------+--------+-----+--------+

Top non-repeatable levels by time:
 Ossuary: 1096 daAuts
     D:5: 345 daAuts
     D:4: 49 daAuts
